AoeStats
← lexi.r.d

Arena

509266977Analyzed
1v1 RM · 7d ago on Sep 26, 2026· 58m 49s· 2 players
Game mode
Random Map
Map size
Tiny (2 player)
Population
200
Speed
Normal
Resources
Standard
Victory
Conquest
Starting age
Dark Age
Ending age
Imperial Age
RankedLock teamsTeams togetherTeam positionsShared explorationLock speedFull tech treeHidden civsTurbo modeCheats
Victory
Defeat
🇺🇸 Cumans · United States
624
+14
🇺🇸 Britons · United States
576
-14
lexi.r.d
11:33 Feudal Age
17:26 Castle Age
17:15 Horse Collar
17:24 Double-Bit Axe
19:55 Bow Saw
19:48 Heavy Plow
29:34 Imperial Age
27:10 Padded Archer Armor
27:00 Fletching
31:40 Leather Archer Armor
31:16 Fletching
31:52 Ballistics
31:30 Murder Holes
31:17 Light Cavalry
33:06 Two-Man Saw
33:08 Husbandry
35:44 Elite Longbowman
37:25 Ring Archer Armor
36:51 Bodkin Arrow
37:37 Yeomen
38:32 Chemistry
39:33 Squires
38:56 Pikeman
40:03 Scale Barding Armor
40:24 Bracer
41:44 Chain Barding Armor
44:32 Plate Barding Armor
44:09 Forging
43:59 Scale Mail Armor
44:41 Wheelbarrow
44:21 Fortified Wall
45:32 Halberdier
48:09 Chain Mail Armor
49:46 Iron Casting
49:42 Plate Mail Armor
kdonowho
10:43 Feudal Age
9:46 Loom
11:39 Double-Bit Axe
14:03 Horse Collar
19:53 Gold Mining
20:51 Forging
25:25 Castle Age
24:03 Wheelbarrow
23:15 Town Watch
24:07 Scale Barding Armor
23:55 Fletching
24:04 Stone Mining
25:24 Padded Archer Armor
25:25 Scale Mail Armor
25:42 Bloodlines
26:35 Town Patrol
26:51 Hand Cart
26:56 Heavy Plow
27:22 Bow Saw
34:10 Imperial Age
32:21 Iron Casting
32:08 Thumb Ring
34:30 Ballistics
34:07 Murder Holes
34:38 Chain Barding Armor
34:14 Bodkin Arrow
34:35 Cavalier
36:40 Plate Barding Armor
36:53 Crop Rotation
37:06 Parthian Tactics
38:01 Paladin
42:27 Blast Furnace
42:52 Two-Man Saw
43:06 Elite Kipchak
44:14 Conscription
44:34 Gold Shaft Mining
49:36 Chemistry
48:55 Leather Archer Armor
48:55 Chain Mail Armor
48:51 Squires
48:12 Pikeman
49:01 Steppe Husbandry
49:46 Hoardings
Connection lost

Rejoining the realm…

Still unreachable

The connection could not be restored.

Session expired

The server has moved on; the page needs a fresh start.